[Event "Titled Tuesday Blitz August 16 Early 2022"]
[White "Tica, Sven"]
[Black "Pourkashiyan, Atousa"]
[WhiteFideId "14526948"]
[BlackFideId "12502014"]
[WhiteElo "2350"]
[BlackElo "2247"]
[Result "1-0"]
[Round "01"]
[TimeControl "180+2"]
[Date "2022.08.18"]
[WhiteClock "0:00:00"]
[BlackClock "0:00:00"]

1. e4 c5 2. Nc3 e6 3. f4 a6 4. g3 b5 5. Bg2 Bb7 6. d3 Nf6 7. Nf3 d5 8. e5 Nfd7 9. Qe2 Be7 10. O-O Nc6 11. Qf2 Rc8 12. Ne2 Nb4 13. Bd2 Nxc2 14. Rac1 Nb4 15. Bxb4 cxb4 16. Rxc8 Qxc8 17. Rc1 Qb8 18. d4 O-O 19. Ne1 Rc8 20. Nd3 Rxc1+ 21. Nexc1 Qc7 22. Bf1 Nb6 23. Nb3 Na4 24. Qd2 a5 25. Be2 Bc8 26. Kg2 Bd7 27. Bd1 Qc4 28. Be2 Qc7 29. h4 f6 30. h5 Bd8 31. g4 Be8 32. Ndc5 Nxc5 33. Nxc5 Qc6 34. Bd3 Be7 35. Nb3 a4 36. Nc1 Qc7 37. Bb1 g6 38. hxg6 hxg6 39. f5 gxf5 40. gxf5 exf5 41. Bxf5 fxe5 42. Qh6 Bf8 43. Be6+ Bf7 44. Qg6+ Bg7 45. Nd3 e4 46. Ne5 Bxe6 47. Qxe6+ Kh7 48. Qg6+ Kg8 49. Ng4 Qe7 50. Nh6+ Kf8 51. Nf5 Qf6 52. Qg4 Qxd4 53. Nxd4 Bxd4 54. Qf5+ Ke7 55. Qxd5 Bxb2 56. Qxe4+ Kd6 57. Qxb4+ Kc6 58. Qxb2 Kc5 59. a3 1-0


[Site "https://www.chess.com"]

[Event "Titled Tuesday Blitz August 16 Early 2022"]
[White "Tifferet, Shaked"]
[Black "Bolanos, Fernando"]
[WhiteFideId "2811529"]
[BlackFideId "3304094"]
[WhiteElo "2083"]
[BlackElo "2086"]
[Result "0-1"]
[Round "01"]
[TimeControl "180+2"]
[Date "2022.08.18"]
[WhiteClock "0:00:00"]
[BlackClock "0:00:00"]

1. e4 c5 2. c3 e5 3. Nf3 Nc6 4. Bc4 Nf6 5. d3 Be7 6. Nbd2 O-O 7. O-O a6 8. a4 Rb8 9. Re1 b5 10. axb5 axb5 11. Bb3 Bb7 12. Nf1 d6 13. Ng3 Re8 14. Ng5 d5 15. Nf5 c4 16. Bc2 h6 17. exd5 Nxd5 18. Ne4 cxd3 19. Bb3 Na5 20. Bxh6 Nxb3 21. Bxg7 Bc8 22. Qh5 f6 23. Neg3 Nf4 24. Qh8+ Kf7 25. Qh7 Ke6 26. Bh6 d2 27. Ng7+ Kd7 28. Rad1 Kc6 29. Re4 Rh8 30. Rc4+ bxc4 31. Qe4+ Qd5 32. Bxf4 Qxe4 33. Nxe4 exf4 34. Nxd2 Rd8 35. Re1 Rxd2 36. g3 Bc5 37. Rf1 f3 38. Nh5 Bh3 39. Re1 Bxf2+ 0-1


[Site "https://www.chess.com"]

[Event "Titled Tuesday Blitz August 16 Early 2022"]
[White "Tologon tegin, Semetei"]
[Black "Polanco Nunez, Yoel Estarling"]
[WhiteFideId "13800574"]
[BlackFideId "6401783"]
[WhiteElo "2174"]
[BlackElo "2132"]
[Result "1-0"]
[Round "01"]
[TimeControl "180+2"]
[Date "2022.08.18"]
[WhiteClock "0:00:00"]
[BlackClock "0:00:00"]

1. g3 Nf6 2. Bg2 d5 3. d3 c6 4. Nd2 e5 5. Ngf3 Bd6 6. c4 O-O 7. cxd5 cxd5 8. O-O Nc6 9. Nb3 h6 10. d4 e4 11. Ne1 b6 12. Nc2 Ba6 13. Ne3 Rc8 14. Nf5 Bb8 15. Bf4 Bxf4 16. gxf4 Qc7 17. e3 Qd7 18. Ng3 Nb4 19. a3 Bxf1 20. Bxf1 Nd3 21. Bxd3 exd3 22. Qxd3 Qe6 23. Nd2 Rc7 24. Kg2 Rfc8 25. h3 Rc2 26. Rb1 h5 27. Ne2 Ne4 28. Nxe4 Qxe4+ 29. Qxe4 dxe4 30. Ng3 Re2 31. Nxe2 Rc2 32. Ng3 g6 33. Nxe4 1-0


[Site "https://www.chess.com"]

[Event "Titled Tuesday Blitz August 16 Early 2022"]
[White "Turzo, Attila"]
[Black "Munkhgal, Gombosuren"]
[WhiteFideId "704954"]
[BlackFideId "4901266"]
[WhiteElo "2298"]
[BlackElo "2576"]
[Result "0-1"]
[Round "01"]
[TimeControl "180+2"]
[Date "2022.08.18"]
[WhiteClock "0:00:00"]
[BlackClock "0:00:00"]

1. e4 e6 2. d4 d5 3. Nd2 c5 4. Ngf3 cxd4 5. exd5 Qxd5 6. Bc4 Qd6 7. O-O Nf6 8. Nb3 Nc6 9. Nbxd4 Nxd4 10. Qxd4 a6 11. Rd1 Qxd4 12. Nxd4 Bd7 13. Bf4 Rc8 14. Bb3 Bc5 15. c3 O-O 16. Nf3 Rfd8 17. Bd6 Bxd6 18. Rxd6 Bc6 19. Rxd8+ Rxd8 20. Nd4 Bd5 21. Bxd5 Rxd5 22. Kf1 e5 23. Nf3 g6 24. Ke2 e4 25. Nd4 Ng4 26. f3 exf3+ 27. Nxf3 Rd7 28. h3 Re7+ 29. Kd2 Ne3 30. Re1 Nc4+ 31. Kc2 Rd7 32. b3 Na3+ 33. Kb2 Nb5 34. c4 Nc7 35. Kc3 f6 36. Nd4 Kf7 37. b4 h5 38. g4 hxg4 39. hxg4 Rd8 40. Rh1 Kg7 41. Re1 Kf7 42. Rh1 Kg7 43. Re1 Rd7 44. Ne6+ Nxe6 45. Rxe6 f5 46. g5 Rf7 47. Kd3 Rd7+ 48. Ke3 Kf7 49. Rf6+ Kg7 50. Re6 Rc7 51. c5 a5 52. a3 axb4 53. axb4 Kf7 54. Rf6+ Kg7 55. Re6 Rf7 56. Kf4 Rc7 57. Ke5 Rf7 58. Kf4 Rc7 59. Rb6 Re7 60. Kf3 Kf7 61. Rf6+ Kg7 62. Rb6 Kf7 63. b5 Rc7 64. c6 bxc6 65. bxc6 Ke6 66. Kf4 Kd5 67. Rb5+ Kxc6 0-1


[Site "https://www.chess.com"]

[Event "Titled Tuesday Blitz August 16 Early 2022"]
[White "Vachylia, Andrii"]
[Black "Avalos Parra, Joao"]
[WhiteFideId "14137224"]
[BlackFideId "3402541"]
[WhiteElo "2318"]
[BlackElo "2173"]
[Result "1-0"]
[Round "01"]
[TimeControl "180+2"]
[Date "2022.08.18"]
[WhiteClock "0:00:00"]
[BlackClock "0:00:00"]

1. e4 e5 2. Nf3 Nc6 3. Bb5 a6 4. Ba4 Nf6 5. O-O b5 6. Bb3 Bc5 7. c3 d6 8. d4 Bb6 9. h3 O-O 10. Re1 Bb7 11. Bg5 h6 12. Bh4 Re8 13. d5 Nb8 14. Nbd2 Nbd7 15. Bc2 c6 16. dxc6 Bxc6 17. Nf1 Qc7 18. Ne3 Rad8 19. Nd5 Bxd5 20. exd5 Qb7 21. Bb3 Rc8 22. Qd2 Nh5 23. Rad1 Nf4 24. Bg3 Ng6 25. h4 Nc5 26. Bc2 Nf8 27. h5 Qe7 28. Nh4 Qf6 29. Nf5 Qd8 30. Bh4 Qc7 31. Bf6 gxf6 32. Qxh6 Nfe6 33. dxe6 Nxe6 34. Rd3 1-0


[Site "https://www.chess.com"]

[Event "Titled Tuesday Blitz August 16 Early 2022"]
[White "Vakhlamov, Igor L."]
[Black "Gil Alba, Hector Luis"]
[WhiteFideId "24126748"]
[BlackFideId "3504670"]
[WhiteElo "2401"]
[BlackElo "2331"]
[Result "1-0"]
[Round "01"]
[TimeControl "180+2"]
[Date "2022.08.18"]
[WhiteClock "0:00:00"]
[BlackClock "0:00:00"]

1. e4 e5 2. Nf3 Nc6 3. Nc3 Nf6 4. Bb5 Bb4 5. Nd5 Be7 6. Nxe7 Qxe7 7. O-O O-O 8. Re1 d6 9. h3 Nd8 10. c3 Ne6 11. d4 c6 12. Bf1 Qc7 13. a4 Rd8 14. a5 Nf8 15. Bg5 N8d7 16. b4 h6 17. Bh4 Re8 18. Bd3 Nh7 19. Qb3 Ndf8 20. Rad1 Ng6 21. Bg3 Be6 22. Qc2 Ng5 23. Nxg5 hxg5 24. d5 Bd7 25. c4 c5 26. bxc5 Qxc5 27. Rb1 Rab8 28. Qd2 Nf4 29. Bf1 f6 30. Qb4 b6 31. axb6 axb6 32. Kh2 Rec8 33. Rb2 Rc7 34. Reb1 Rcb7 35. Qxc5 dxc5 36. f3 Kf7 37. Bf2 Bc8 38. g3 Ng6 39. Kg2 Ke7 40. Be2 Kd6 41. Bd1 Bd7 42. Ra1 Ne7 43. Ra6 Nc8 44. Rba2 Kc7 45. g4 Nd6 46. Be2 Nc8 47. h4 gxh4 48. Bxh4 g5 49. Bf2 Nd6 50. Ra1 Rh8 51. Ra8 Rxa8 52. Rxa8 Rb8 53. Ra7+ Rb7 54. Ra8 Rb8 55. Ra7+ Rb7 56. Ra1 Rb8 57. Be3 Rh8 58. Ra7+ Nb7 59. Bd1 Kb8 60. Ra1 Na5 61. Bxc5 Nxc4 62. Bf2 Kb7 63. Be2 Nd6 64. Ba6+ Kc7 65. Rc1+ Kd8 66. Bxb6+ Ke7 67. Rc7 Ra8 68. Bf1 Ra2+ 69. Kg3 Ke8 70. Bc5 Nc8 71. Rb7 Rc2 72. Bf2 Nd6 73. Rb6 Ke7 74. Be1 Rc1 75. Kf2 Rc2+ 76. Ke3 Kd8 77. Rxd6 Kc7 78. Rxf6 Rc1 79. Ba5+ 1-0


[Site "https://www.chess.com"]

[Event "Titled Tuesday Blitz August 16 Early 2022"]
[White "Vusatiuk, Vladimir"]
[Black "Goltsev, Dmitry"]
[WhiteFideId "14118610"]
[BlackFideId "24176710"]
[WhiteElo "2157"]
[BlackElo "2258"]
[Result "1-0"]
[Round "01"]
[TimeControl "180+2"]
[Date "2022.08.18"]
[WhiteClock "0:00:00"]
[BlackClock "0:00:00"]

1. d4 Nf6 2. c4 e6 3. Nc3 Bb4 4. Qc2 Qe7 5. Nf3 b6 6. a3 Bxc3+ 7. Qxc3 Bb7 8. e3 Ne4 9. Qc2 d6 10. Bd3 f5 11. O-O Nd7 12. Nd2 Nxd2 13. Bxd2 Nf6 14. f3 O-O 15. b4 g6 16. e4 fxe4 17. fxe4 e5 18. d5 Nh5 19. c5 bxc5 20. bxc5 dxc5 21. Qb3 c4 22. Bxc4 Kg7 23. Rxf8 Rxf8 24. Bb4 c5 25. dxc6 Qd8 26. Bxf8+ Kxf8 27. Rf1+ Kg7 28. cxb7 Qb8 29. Bd5 Nf4 30. Qb2 Kh6 31. Qc2 Qd6 32. Qc8 Qb6+ 33. Kh1 Qb2 34. Rg1 Nd3 35. h3 Nf2+ 36. Kh2 Qd2 37. Qc1 Qf4+ 38. Qxf4+ exf4 39. b8=Q g5 40. e5 g4 41. hxg4 Nxg4+ 42. Kh3 Kh5 43. Qe8+ Kg5 44. Qg8+ Kh5 45. Qxg4+ Kh6 46. g3 fxg3 47. Rh1 g2 48. Kxg2# 1-0


[Site "https://www.chess.com"]

[Event "Titled Tuesday Blitz August 16 Early 2022"]
[White "Xie, Bryan"]
[Black "Secer, Ata"]
[WhiteFideId "30941296"]
[BlackFideId "6303293"]
[WhiteElo "1899"]
[BlackElo "2282"]
[Result "0-1"]
[Round "01"]
[TimeControl "180+2"]
[Date "2022.08.18"]
[WhiteClock "0:00:00"]
[BlackClock "0:00:00"]

1. d4 d5 2. Nf3 Nf6 3. Bf4 c5 4. e3 Nc6 5. Nbd2 cxd4 6. exd4 Bg4 7. c3 e6 8. Qb3 Qc8 9. h3 Bxf3 10. Nxf3 Be7 11. Bd3 O-O 12. O-O Ne8 13. Qc2 g6 14. Bh6 Ng7 15. Rae1 Bd6 16. Ne5 Nxe5 17. dxe5 Bc5 18. Qd2 Qc7 19. Qf4 Be7 20. Re3 f5 21. exf6 Qxf4 22. Bxf4 Bxf6 23. Rfe1 Bxc3 24. Bd6 Bxe1 25. Bxf8 Bxf2+ 26. Kxf2 Rxf8+ 27. Kg3 Kf7 28. Kf4 Ke7+ 29. Ke5 Rf2 30. Re2 Rxe2+ 31. Bxe2 Nf5 32. g4 Nd6 33. b3 Nf7+ 34. Kd4 Kd6 35. h4 h6 36. Ke3 g5 37. hxg5 hxg5 38. Kd4 e5+ 39. Ke3 Nd8 40. Bd3 e4 41. Bxe4 dxe4 42. Kxe4 Ke6 43. Kd4 Nc6+ 44. Kc4 Ne5+ 45. Kc5 Nxg4 46. Kb4 Ne5 0-1


[Site "https://www.chess.com"]

[Event "Titled Tuesday Blitz August 16 Early 2022"]
[White "Xu, Yi"]
[Black "Malyi, Viacheslav"]
[WhiteFideId "8605564"]
[BlackFideId "14123983"]
[WhiteElo "2471"]
[BlackElo "2190"]
[Result "1/2-1/2"]
[Round "01"]
[TimeControl "180+1"]
[Date "2022.08.16"]
[WhiteClock "0:00:09"]
[BlackClock "0:00:13"]

1. e4 e5 2. Nf3 Nc6 3. Bc4 Bc5 4. O-O Nf6 5. d3 d6 6. c3 a6 7. Nbd2 O-O 8. h3 Ba7 9. a4 Qe7 10. Re1 Nh5 11. Nf1 h6 12. d4 Qf6 13. Be3 Nf4 14. Ng3 Re8 15. Bxf4 exf4 16. Nh5 Qe7 17. Nxf4 Qf6 18. Nh5 Qg6 19. Ng3 Bd7 20. Bd3 Qf6 21. a5 Rf8 22. b4 Rae8 23. Qd2 Bc8 24. Re3 Nd8 25. Rae1 Ne6 26. Bc4 Nf4 27. e5 dxe5 28. Nxe5 c6 29. Ng4 Qg5 30. Ne4 Rxe4 31. f3 Rxe3 32. Qxe3 Bxg4 33. hxg4 Bb8 34. Qe7 Ng6 35. Qxg5 hxg5 36. Kf2 Rd8 37. g3 Kf8 38. Rh1 Re8 39. Rh5 f6 40. Rh7 Bd6 41. Bb3 Rd8 42. Bc2 Ne7 43. Rh8+ Ng8 44. Bb3 Ke7 45. Bxg8 Bc7 46. Ke2 b6 47. axb6 Bxb6 48. Kd3 a5 49. bxa5 Bxa5 50. Kc4 Bc7 51. Kc5 Bxg3 52. Kxc6 Be1 53. c4 Bf2 54. Rh2 Bxd4 55. Re2+ Be5 56. Bd5 Rc8+ 57. Kb7 Rc7+ 58. Kb6 Kd6 59. Rd2 Ke7 60. Bc6 Bf4 61. Rd5 Rc8 62. Rd7+ Kf8 63. Bd5 Be3+ 64. Kb7 Rc5 65. Rf7+ Ke8 66. Rxg7 Bd4 67. Rg8+ Ke7 68. Rg7+ Kd6 69. Rf7 Ra5 70. Kb8 Be5 71. Rb7 Kc5+ 72. Kc8 Ra8+ 73. Kd7 Ra6 74. Rb5+ Kd4 75. Be6 Ra7+ 76. Kc6 Rc7+ 77. Kb6 Re7 78. Bd5 Bc7+ 79. Kc6 Be5 80. Rb7 Rxb7 81. Kxb7 Kc5 82. Be6 Ba1 83. Kc7 Bb2 84. Kd7 Ba1 85. Ke7 Be5 86. Kf7 Ba1 87. Kg6 Be5 88. Kf5 Ba1 89. Bd5 Bb2 90. Ke6 Ba1 91. Kf7 Bb2 92. Ke7 Ba1 93. Ke6 Bb2 94. Kf5 Ba1 95. Bf7 Bb2 96. f4 gxf4 97. Kxf4 Ba1 98. Kf5 Bb2 99. Bd5 Ba1 100. g5 fxg5 101. Kxg5 Bb2 102. Bc6 Ba3 103. Bd7 Kxc4 1/2-1/2


[Site "https://www.chess.com"]

[Event "Titled Tuesday Blitz August 16 Early 2022"]
[White "Yaniuk, Volodymyr"]
[Black "Paravyan, David"]
[WhiteFideId "14133083"]
[BlackFideId "4194985"]
[WhiteElo "2141"]
[BlackElo "2569"]
[Result "0-1"]
[Round "01"]
[TimeControl "180+1"]
[Date "2022.08.16"]
[WhiteClock "0:00:41"]
[BlackClock "0:00:34"]

1. d4 Nf6 2. Nf3 g6 3. c4 Bg7 4. Nc3 d5 5. Bg5 Ne4 6. Bf4 Nxc3 7. bxc3 c6 8. e3 O-O 9. Qb3 dxc4 10. Bxc4 b5 11. Be2 Be6 12. Qc2 Nd7 13. a4 a6 14. O-O Nb6 15. axb5 cxb5 16. Ne5 Qc8 17. Bf3 Bd5 18. e4 Bb7 19. Qb3 Qe6 20. Qb4 Rac8 21. d5 Qd6 22. Qd4 Nc4 23. Nxc4 Qxf4 24. Qe3 Qxe3 25. Nxe3 Rxc3 26. Rab1 Bd4 27. Nd1 Rc2 28. Ne3 Rc3 29. Rfd1 Be5 30. Ng4 Bg7 31. d6 exd6 32. Rxd6 Rfc8 33. h3 h5 34. Nf6+ Bxf6 35. Rxf6 Rc1+ 36. Rxc1 Rxc1+ 37. Kh2 Rc6 38. Rf4 Rc4 39. Rf6 Rc6 40. Rf4 Rb6 41. Bd1 Kg7 42. Bb3 Rf6 43. Kg3 Rxf4 44. Kxf4 a5 45. Ke5 a4 46. Bc2 a3 47. Bb3 Bc8 48. Kd4 Be6 49. Kc3 a2 50. Bxa2 Bxa2 51. Kb4 Bc4 52. f4 Bf1 53. g4 0-1


[Site "https://www.chess.com"]

[Event "Titled Tuesday Blitz August 16 Early 2022"]
[White "Yeletsky, Ivan"]
[Black "Al-Tarboush, Ward"]
[WhiteFideId "24180327"]
[BlackFideId "7601450"]
[WhiteElo "2293"]
[BlackElo "2234"]
[Result "1-0"]
[Round "01"]
[TimeControl "180+1"]
[Date "2022.08.16"]
[WhiteClock "0:00:19"]
[BlackClock "0:00:04"]

1. Nf3 d5 2. g3 Nf6 3. Bg2 Bf5 4. c4 Be4 5. cxd5 Bxd5 6. Nc3 Bc6 7. O-O e6 8. d3 Be7 9. Rb1 O-O 10. b4 a6 11. a4 Nbd7 12. b5 axb5 13. axb5 Nd5 14. Ne4 f5 15. bxc6 fxe4 16. dxe4 Nc3 17. Qxd7 Qxd7 18. cxd7 Nxb1 19. Bb2 Na3 20. Bh3 Ra6 21. Be5 Rd8 22. Rd1 Nb5 23. Rb1 Na3 24. Rxb7 Rxd7 25. Bxc7 Nc4 26. Ne5 Nxe5 27. Rb8+ Bf8 28. Bxe5 Rd2 29. Bc3 Rd1+ 30. Kg2 Kf7 31. Rb7+ Kg6 32. Bg4 Rd8 33. h4 h6 34. h5+ Kh7 35. Rc7 Re8 36. e5 Rb6 37. Bd4 Rb5 38. e3 Bb4 39. Be2 Rbb8 40. Bd3+ Kg8 41. Bg6 Re7 42. Rc6 Rd8 43. Bb6 Rb8 44. f4 Bd2 45. Kf3 Be1 46. Bc5 Rd7 47. Rxe6 Rc8 48. Bd4 Rb7 49. Rd6 Rf8 50. g4 Bh4 51. Be4 Rc7 52. Bd5+ Kh8 53. Rg6 Be7 54. Ke4 Re8 55. g5 hxg5 56. fxg5 Rd8 57. h6 gxh6 58. e6+ Kh7 59. Rxh6+ Kg8 60. Rh8# 1-0


[Site "https://www.chess.com"]

[Event "Titled Tuesday Blitz August 16 Early 2022"]
[White "Yuan, Qingyu"]
[Black "Manukian, Artak"]
[WhiteFideId "8609772"]
[BlackFideId "13301373"]
[WhiteElo "2359"]
[BlackElo "2196"]
[Result "1/2-1/2"]
[Round "01"]
[TimeControl "180+2"]
[Date "2022.08.18"]
[WhiteClock "0:00:00"]
[BlackClock "0:00:00"]

1. e4 c6 2. d4 d5 3. e5 Bf5 4. Nf3 e6 5. Bd3 Bxd3 6. Qxd3 Qa5+ 7. Nbd2 Qa6 8. c4 Bb4 9. O-O Ne7 10. b3 O-O 11. Bb2 Nf5 12. a3 Bxd2 13. Nxd2 Nd7 14. Qf3 Rad8 15. a4 Qb6 16. a5 Qc7 17. Rfc1 Qb8 18. g4 Ne7 19. Ba3 Rfe8 20. Bd6 Qc8 21. Nf1 f5 22. g5 Ng6 23. cxd5 exd5 24. Qxf5 Ndxe5 25. Qxc8 Nf3+ 26. Kg2 Nfh4+ 27. Kh3 Rxc8 28. Ne3 Nf3 29. Nf5 Nxg5+ 30. Kg4 Ne4 31. f3 Nf6+ 32. Kg3 Re6 33. Re1 Rce8 34. Rxe6 Rxe6 35. Kf2 a6 36. Rg1 Ne8 37. Bb8 Rf6 38. Ne3 Nh4 39. f4 Nf5 40. Be5 Rf7 41. Ng4 Nfd6 42. Nh6+ Kf8 43. Nxf7 Kxf7 44. Kf3 g6 45. Re1 Nf5 46. Kg4 Nf6+ 47. Kf3 Ne4 48. Rd1 Nc3 49. Rd3 Ne4 50. Rd1 Nc3 51. Rd3 Ne4 52. Ke2 Ke6 53. Rh3 h5 54. Rd3 Nf6 55. h3 Ne4 56. Kf3 Nh4+ 57. Ke3 Nf5+ 58. Kf3 Nh4+ 59. Ke2 Nf5 60. Ke1 Ned6 61. Rd2 Ne4 62. Rg2 Kf7 63. Rc2 Ke6 64. Ke2 Nfg3+ 65. Kf3 Nf5 66. Rc1 Nd2+ 67. Ke2 Ne4 68. Kf3 Nd2+ 69. Ke2 Ne4 70. Kf3 1/2-1/2


[Site "https://www.chess.com"]

[Event "Titled Tuesday Blitz August 16 Early 2022"]
[White "Yurasova, Daria"]
[Black "Fus, Jakub"]
[WhiteFideId "34146919"]
[BlackFideId "1193023"]
[WhiteElo "2021"]
[BlackElo "2220"]
[Result "0-1"]
[Round "01"]
[TimeControl "180+2"]
[Date "2022.08.18"]
[WhiteClock "0:00:00"]
[BlackClock "0:00:00"]

1. d4 Nf6 2. Bg5 d5 3. Bxf6 gxf6 4. e3 e6 5. Nf3 c5 6. c3 Nc6 7. Nbd2 Qb6 8. Qb3 f5 9. Be2 c4 10. Qxb6 axb6 11. O-O b5 12. b3 Ra3 13. Nb1 Ra7 14. Nbd2 Ba3 15. Rab1 b4 16. bxc4 bxc3 17. Nb3 c2 18. Rbe1 Nb4 19. cxd5 Ke7 20. Ne5 Nxa2 21. Ra1 Bb2 22. d6+ Kf6 23. d7 Bxa1 24. Rxa1 Rd8 25. Bb5 Ke7 26. Nc1 Nxc1 27. Rxa7 Ne2+ 28. Bxe2 c1=Q+ 29. Bf1 0-1


[Site "https://www.chess.com"]

[Event "Titled Tuesday Blitz August 16 Early 2022"]
[White "Yurovskykh, Oleksandr"]
[Black "Lauridsen, Jesper Morch"]
[WhiteFideId "14134020"]
[BlackFideId "1401890"]
[WhiteElo "2292"]
[BlackElo "2221"]
[Result "1-0"]
[Round "01"]
[TimeControl "180+2"]
[Date "2022.08.18"]
[WhiteClock "0:00:00"]
[BlackClock "0:00:00"]

1. d4 Nf6 2. Nf3 g6 3. Bg5 Bg7 4. Nbd2 c5 5. Bxf6 Bxf6 6. Ne4 Bxd4 7. Nxd4 cxd4 8. Qxd4 O-O 9. c4 Nc6 10. Qd2 d6 11. Nc3 Be6 12. e4 Rc8 13. Be2 a6 14. O-O Qa5 15. Rac1 f5 16. exf5 Qxf5 17. b3 Ne5 18. Nd5 Qf7 19. f4 Nd7 20. Bf3 b5 21. Rfe1 Nf6 22. Nxf6+ Qxf6 23. Rxe6 Qxf4 24. Qxf4 Rxf4 25. Rxe7 bxc4 26. Rxc4 Rfxc4 27. bxc4 Rb8 28. Bd5+ Kf8 29. Rb7 Rxb7 30. Bxb7 Ke7 31. Bxa6 1-0


[Site "https://www.chess.com"]

[Event "Titled Tuesday Blitz August 16 Early 2022"]
[White "Zenin, Dmitry"]
[Black "Perera Alfonso, Rene Humberto"]
[WhiteFideId "4127897"]
[BlackFideId "3514722"]
[WhiteElo "2215"]
[BlackElo "2313"]
[Result "0-1"]
[Round "01"]
[TimeControl "180+2"]
[Date "2022.08.18"]
[WhiteClock "0:00:00"]
[BlackClock "0:00:00"]

1. c4 e5 2. Nc3 Nc6 3. g3 f5 4. Bg2 Nf6 5. d3 Bc5 6. e4 d6 7. Nge2 O-O 8. O-O fxe4 9. Nxe4 Nxe4 10. dxe4 Be6 11. b3 Qe8 12. Be3 Bxe3 13. fxe3 Qh5 14. Nc3 Bg4 15. Qd2 h6 16. Nd5 Rac8 17. Rxf8+ Kxf8 18. Rf1+ Kg8 19. Qf2 Be6 20. h4 Bxd5 21. exd5 Nb4 22. Bh3 Rd8 23. Bf5 Kh8 24. a3 Na6 25. b4 Rf8 26. Qc2 Nb8 27. Kg2 Qe8 28. Qe4 Qd8 29. Qg4 Rf6 30. Rf3 a5 31. Bc8 Rxf3 32. Kxf3 axb4 33. axb4 Na6 34. b5 Nc5 35. Bf5 Qf6 36. Qh5 e4+ 37. Kg2 Qf8 38. Qg6 Kg8 39. Bxe4 Qf7 40. Qh7+ Kf8 41. Bf5 b6 42. g4 Qf6 43. Qh8+ Kf7 44. Qc8 Qe7 45. Kf3 Kf6 46. h5 Kg5 47. Qa8 Kh4 48. Qa1 Kg5 49. Qc1 Qe5 50. e4+ Kf6 51. Qe3 Qb2 52. Kg3 Qb3 53. Qxb3 Nxb3 54. Kf4 Nd4 55. Ke3 Nc2+ 56. Kd3 Na3 57. Bd7 Ke5 58. Bf5 Nb1 59. Bg6 Na3 60. Bf5 Kf4 61. Bg6 Kxg4 62. e5 dxe5 63. Kc3 Kf4 64. Kb3 Nb1 65. Bxb1 e4 66. Kc3 e3 67. Kd3 Kf3 68. Kd4 e2 0-1


[Site "https://www.chess.com"]

[Event "Titled Tuesday Blitz August 16 Early 2022"]
[White "Zhang, Eric"]
[Black "Hess, Robert"]
[WhiteFideId "30907667"]
[BlackFideId "2022036"]
[WhiteElo "2501"]
[BlackElo "2557"]
[Result "0-1"]
[Round "01"]
[TimeControl "180+1"]
[Date "2022.08.16"]
[WhiteClock "0:00:08"]
[BlackClock "0:00:07"]

1. d4 g6 2. c4 Bg7 3. g3 f5 4. Bg2 c5 5. e3 Nc6 6. Ne2 Qb6 7. d5 Ne5 8. Qc2 d6 9. O-O Nf6 10. Na3 O-O 11. Bd2 Bd7 12. Bc3 Ne4 13. Rab1 Nxc3 14. bxc3 Qa6 15. Nb5 Qa5 16. Qb3 a6 17. Na3 b5 18. cxb5 axb5 19. Nxb5 Qxa2 20. Nc7 Qxe2 21. Nxa8 Rxa8 22. Qb7 Ra2 23. Qc7 Kf7 24. Rb8 g5 25. Qd8 g4 26. Rb7 Nf3+ 27. Bxf3 gxf3 28. Rbb1 Bb5 29. h4 Bd3 30. Rbe1 Qc2 31. Qd7 Bxf1 32. Rxf1 Qe4 33. Qb7 f4 34. exf4 Bxc3 35. Qd7 Bd4 36. f5 Rxf2 37. Qe6+ Qxe6 38. fxe6+ Kf6 39. Rxf2 c4 40. Kf1 Bxf2 41. Kxf2 c3 42. Kxf3 c2 43. g4 c1=Q 44. g5+ Kf5 0-1


[Site "https://www.chess.com"]

[Event "Titled Tuesday Blitz August 16 Early 2022"]
[White "Zheenbekov, Nurgazy"]
[Black "Stoleriu, George"]
[WhiteFideId "13800485"]
[BlackFideId "1227505"]
[WhiteElo "1932"]
[BlackElo "2194"]
[Result "0-1"]
[Round "01"]
[TimeControl "180+2"]
[Date "2022.08.18"]
[WhiteClock "0:00:00"]
[BlackClock "0:00:00"]

1. e4 e6 2. d4 d5 3. Nc3 Bb4 4. e5 c5 5. a3 Bxc3+ 6. bxc3 Qc7 7. Nf3 Ne7 8. Bb5+ Bd7 9. Bd3 Ba4 10. O-O h6 11. dxc5 Nd7 12. c4 Nxc5 13. cxd5 Nxd5 14. Qe2 O-O 15. Bd2 Rac8 16. Bb4 Rfd8 17. h3 Nf4 18. Qe3 Nfxd3 19. cxd3 Nxd3 20. Bd6 Qc4 21. Nd2 Qc2 22. Ne4 Nb2 23. Nc5 Nc4 24. Qf4 Nxd6 25. Nxa4 Rc4 26. Qf3 Rxa4 27. exd6 Qc6 28. Qxc6 bxc6 29. Rfd1 Ra5 30. Rac1 Rd5 31. Rxd5 cxd5 32. Rc7 Rxd6 33. Rxa7 Rb6 34. Kf1 Rb2 35. a4 Ra2 36. a5 g5 37. g3 Kg7 38. a6 h5 39. Kg2 Kg6 40. g4 hxg4 41. hxg4 f5 42. Ra8 f4 43. a7 Kg7 44. Kf3 e5 45. Kg2 e4 46. Kf1 f3 47. Ke1 d4 48. Kd1 e3 0-1


[Site "https://www.chess.com"]

[Event "Titled Tuesday Blitz August 16 Early 2022"]
[White "Zherebtsova, Alexandra"]
[Black "Weetik, Vjacheslav"]
[WhiteFideId "24129518"]
[BlackFideId "4153472"]
[WhiteElo "2025"]
[BlackElo "2469"]
[Result "0-1"]
[Round "01"]
[TimeControl "180+2"]
[Date "2022.08.18"]
[WhiteClock "0:00:00"]
[BlackClock "0:00:00"]

1. d4 d5 2. Nf3 Nf6 3. c4 c6 4. Nbd2 Bf5 5. Nh4 Be6 6. e3 g6 7. Bd3 Bg7 8. O-O O-O 9. f4 c5 10. f5 Bc8 11. Nb3 cxd4 12. Nxd4 Nc6 13. Nxc6 bxc6 14. Kh1 Ne4 15. g3 Bb7 16. Bxe4 dxe4 17. Qc2 Qd3 18. Rf2 g5 19. Ng2 Rad8 20. h4 h6 21. Rb1 c5 22. Kh2 Be5 23. b3 Qd6 24. Nf4 gxf4 25. gxf4 Bf6 26. Rg2+ Kh7 27. Bb2 Rg8 28. Rbg1 Qd3 29. Qf2 Qd6 30. Bxf6 Qxf6 31. Qc2 Qxh4# 0-1


[Site "https://www.chess.com"]

[Event "Titled Tuesday Blitz August 16 Early 2022"]
[White "Zou, Chen"]
[Black "Gheorghiu, Calin"]
[WhiteFideId "8610959"]
[BlackFideId "1200305"]
[WhiteElo "2276"]
[BlackElo "2168"]
[Result "1-0"]
[Round "01"]
[TimeControl "180+2"]
[Date "2022.08.18"]
[WhiteClock "0:00:00"]
[BlackClock "0:00:00"]

1. e4 c5 2. Nf3 d6 3. d4 cxd4 4. Nxd4 Nf6 5. Nc3 a6 6. f3 e5 7. Nb3 Be7 8. Be3 Be6 9. Qd2 O-O 10. O-O-O a5 11. a4 Na6 12. Kb1 Nb4 13. g4 Rc8 14. g5 Nh5 15. Bb5 f5 16. Rhg1 fxe4 17. fxe4 Nf4 18. h4 d5 19. Bxf4 Rxf4 20. exd5 Bf5 21. Rc1 Qb6 22. Rge1 Bd6 23. Re2 Rxh4 24. Rg2 g6 25. Rh2 Rxh2 26. Qxh2 e4 27. Qe2 e3 28. Bc4 Kh8 29. Nb5 Be5 30. d6 Bxd6 31. N3d4 Be5 32. Nxf5 gxf5 33. c3 Na6 34. Rh1 Qg6 35. Ka2 Nc5 36. Qxe3 f4 37. Qxe5+ Qg7 38. Qxf4 Nxa4 39. Bb3 Nb6 40. Qf6 Qxf6 41. gxf6 Rf8 42. f7 a4 43. Be6 1-0


[Site "https://www.chess.com"]

[Event "Titled Tuesday Blitz August 16 Early 2022"]
[White "Adewumi, Tanitoluwa"]
[Black "Matinian, Nikita"]
[WhiteFideId "30966396"]
[BlackFideId "24129100"]
[WhiteElo "2302"]
[BlackElo "2422"]
[Result "0-1"]
[Round "02"]
[TimeControl "180+2"]
[Date "2022.08.18"]
[WhiteClock "0:00:00"]
[BlackClock "0:00:00"]

1. e4 c5 2. Nf3 d6 3. Bb5+ Nd7 4. c3 Nf6 5. Bd3 g6 6. Bc2 Bg7 7. d4 Qc7 8. O-O O-O 9. Re1 e5 10. dxe5 dxe5 11. c4 Nb8 12. Nc3 Nc6 13. Bg5 Bg4 14. h3 Bxf3 15. Qxf3 Nd4 16. Qd3 a6 17. Rad1 h6 18. Bh4 g5 19. Bg3 Rad8 20. Nd5 Nxd5 21. exd5 f5 22. b4 Rde8 23. Ba4 Re7 24. Qa3 b6 25. bxc5 bxc5 26. Rxd4 cxd4 27. d6 Qa5 28. dxe7 Qxe1+ 29. Kh2 f4 30. exf8=Q+ Bxf8 31. Qf3 Qb1 32. Bc6 Qg6 33. Bd5+ Kg7 34. Be4 Qf6 35. Qg4 fxg3+ 36. fxg3 Be7 37. a4 a5 38. Qc8 h5 39. Qe8 h4 40. gxh4 gxh4 41. Kg1 Qg5 0-1


[Site "https://www.chess.com"]